 Dungeon Crawl Stone Soup version 0.30-a0-341-g682706514a (webtiles) character file.

Game seed: 16885478440146720009

349 ytrimaz the Trooper (level 6, 0/52 HPs)
             Began as a Formicid Fighter on Nov 1, 2022.
             Succumbed to a water moccasin's poison
             ... in a sewer.
             The game lasted 00:02:47 (2122 turns).

ytrimaz the Trooper (Formicid Fighter)              Turns: 2122, Time: 00:02:48

Health: 0/52       AC:  6    Str: 20    XL:     6   Next: 92%
Magic:  2/6        EV:  9    Int:  8    God:
Gold:   95         SH:  6    Dex: 21    Spells: 5/5 levels left

rFire   . . .      SeeInvis +    a - +0 long sword
rCold   . . .      Faith    .    c - +0 buckler
rNeg    . . .      Spirit   +    b - +0 scale mail
rPois   .          Reflect  .    (helmet unavailable)
rElec   .          Harm     .    (no cloak)
rCorr   .          Rampage  .    (no gloves)
Will    .....                    (no boots)
Stlth   ..........               g - amulet of guardian spirit
HPRegen 0.28/turn                i - +6 ring of dexterity
MPRegen 0.10/turn                (no ring)

@: mighty, lethally poisoned (0 -> -9), invisible
A: permanent stasis, dig shafts and tunnels, antennae 3, four strong arms
a: Dig


You were in a sewer.
You visited 1 branch of the dungeon, and saw 5 of its levels.
You also visited: Sewer.

You collected 95 gold pieces.


Innate Abilities, Weirdness & Mutations

You cannot be hasted, slowed, berserked, paralysed or teleported.
You can dig through walls and to a lower floor.
You have a pair of large antennae on your head. (SInv)
Your four strong arms can wield two-handed weapons with a shield.


   Skills:
 + Level 6.0 Fighting
 + Level 5.0 Long Blades
 - Level 3.2 Armour
 - Level 4.0 Shields


You had 5 spell levels left.
You didn't know any spells.
Your spell library contained the following spells:

 Spells                   Type           Power      Damage    Failure   Level
 Foxfire                  Conj/Fire      0%         2x1d4     83%         1
 Shock                    Conj/Air       0%         1d3       83%         1
 Gell's Gravitas          Tloc           0%         N/A       99%         3
 Lesser Beckoning         Tloc           0%         N/A       99%         3
 Teleport Other           Tloc           0%         N/A       99%         3
 Airstrike                Air            0%         2d(0-16)  100%        4
 Fireball                 Conj/Fire      0%         3d3       100%        5
 Starburst                Conj/Fire      0%         6d3       100%        6
 Swiftness                Air            Unusable   N/A       N/A         3

Inventory:

Hand Weapons
 a - a +0 long sword (weapon)
Armour
 b - a +0 scale mail (worn)
 c - a +0 buckler (worn)
Jewellery
 g - an amulet of guardian spirit (around neck)
   (You found it on level 3 of the Dungeon)
 i - a +6 ring of dexterity (left hand)
   (You found it on level 1 of the Dungeon)
Scrolls
 e - 2 scrolls of fear {unknown}
 h - 2 scrolls of vulnerability
 m - 2 scrolls of teleportation {unknown}
Potions
 f - a potion of haste
 l - a potion of heal wounds

Dungeon Overview and Level Annotations

Branches:
Dungeon (5/15) Zot: 26628   Sewer (1/1) Zot: 5894
 Temple: D:4-7

Altars:
Uskayaw

~## ###.~..~.## ##
~.# ###.......~..###
:?# ~.#
###.~...####~~...##.)
~~###.~..~###
~.~~.### ~......~.##
##......#
~.###.....###
###.....# ~.#
###.~~~.####~~...#
~.# ###..~.~~....###
~## ###.....@### ~#
######## ~# ~# ##


There were no monsters in sight!


Message History

You closely miss the water moccasin.
You feel very sick. The water moccasin bites you.
* * * LOW HITPOINT WARNING * * *
😨 HP[-6] MP[+1]
You take 6 damage, and now have 13/51 hp.
Unknown command.
It was a potion of haste.
Your stasis prevents you from being hasted.
You feel sick. You block the water moccasin's attack.
The water moccasin bites you.
* * * LOW HITPOINT WARNING * * *
😱 HP[-4] MP[-1]
You take 4 damage, and now have 9/51 hp.
You lost 1 mp, and now have 3/6 mp.
Unknown command.
It was a potion of berserk rage.
Your stasis prevents you from going berserk.
You feel sick.
The water moccasin bites you but does no damage. 😱 HP[-2]
You take 2 damage, and now have 7/51 hp.
It was a potion of invisibility.
You fade into invisibility!
You feel sick. The water moccasin bites you.
* * * LOW HITPOINT WARNING * * *
The water moccasin bites you but does no damage. 😱 HP[-3] MP[-1]
You take 3 damage, and now have 4/51 hp.
You lost 1 mp, and now have 2/6 mp.
It was a potion of heal wounds.
You feel much better.
You feel sick.
The water moccasin bites you. 😮 HP[+29] MP[-1]
You regained 29 hp, and now have 33/51 hp.
You lost 1 mp, and now have 1/6 mp.
Unknown command.
You catch the helpless water moccasin completely off-guard!
You slash the water moccasin!
You feel sick. You block the water moccasin's attack.
The water moccasin barely misses you. 😮 HP[-1]
You take 1 damage, and now have 32/51 hp.
You closely miss the water moccasin.
You feel sick.
The water moccasin bites you but does no damage.
The water moccasin barely misses you. 😮 HP[-2]
You take 2 damage, and now have 30/51 hp.
Unknown command.
You closely miss the water moccasin.
You feel sick.
You are no longer poisoned.
You block the water moccasin's attack.
You closely miss the water moccasin. You block the water moccasin's attack.
The water moccasin completely misses you.
Unknown command.
You slash the water moccasin!
The water moccasin bites you. 😮 HP[-4] MP[+1]
You take 4 damage, and now have 26/51 hp.
You hit the water moccasin. The water moccasin bites you.
* * * LOW HITPOINT WARNING * * *
You are poisoned.
The water moccasin poisons you!
The water moccasin completely misses you. 😨 HP[-2]
You take 2 damage, and now have 24/51 hp.
You closely miss the water moccasin.
You feel very sick. The water moccasin bites you.
* * * LOW HITPOINT WARNING * * *
You are lethally poisoned!
The water moccasin poisons you!
The water moccasin barely misses you. 😨 HP[-5]
You take 5 damage, and now have 19/51 hp.
You closely miss the water moccasin.
* * * LOW HITPOINT WARNING * * *
You feel extremely sick.
The water moccasin barely misses you. 😱 HP[-7]
You take 7 damage, and now have 12/51 hp.
Unknown command.
You catch the helpless water moccasin completely off-guard!
You slash the water moccasin!
You kill the water moccasin!
* * * LOW HITPOINT WARNING * * *
You feel very sick.
Your Fighting skill increases to level 6!
Your Long Blades skill increases to level 5! 😱 HP[-4]
You now have 52 max hp (+1).
You take 4 damage, and now have 8/52 hp.
Unknown command.
* * * LOW HITPOINT WARNING * * *
You feel very sick. 😱 HP[-4]
You take 4 damage, and now have 4/52 hp.
* * * LOW HITPOINT WARNING * * *
You feel very sick. 😱 HP[-3]
You take 3 damage, and now have 1/52 hp.
There is a lethal amount of poison in your body!
Unknown command.
You die...

Skill      XL: |  1  2  3  4  5  6 |
---------------+-------------------+-----
Fighting       | 4 5 6 |  6.0
Long Blades    | 3 4 5 |  5.0
Armour         | |  3.2
Shields        | |  4.0

Action                   |  1- 3 |  4- 6 || total
-------------------------+-------+-------++-------
Melee: Long sword        |    66 |   123 ||   189
  Use: Potion            |     1 |     5 ||     6
       Scroll            |       |     3 ||     3
 Stab: Invisible         |       |     2 ||     2
Armor: Scale mail        |    38 |    59 ||    97
Dodge: Dodged            |    40 |    76 ||   116
Block: Buckler           |    31 |    50 ||    81

Levels and vault maps discovered:
D:1:      beargit_arrival_diablo_church, layout_rooms
D:2:      layout_basic, basic_altar, serial_bayou_pond_e
D:3:      layout_loops_ring, ebering_ecumenical_altar_sacrificial,
          grunt_decor_clamped, uniq_ijyb
D:4:      layout_gridville, lemuel_round_altar, gup_sewer_entry_glass,
          minivault_25, uniq_edmund, uniq_natasha, uniq_grinder
D:5:      layout_gridville, minmay_circle_x, uniq_crazy_yiuf_cottage
Sewer:    sewer_the_moccasin

Notes
Turn   | Place    | Note
-------+----------+-------------------------------------------
     0 | D:1      | ytrimaz the Formicid Fighter began the quest for the Orb.
     0 | D:1      | Reached XP level 1. HP: 18/18 MP: 1/1
     0 | D:1      | magus.rc [v1.9.6]
    91 | D:1      | Reached XP level 2. HP: 8/25 MP: 2/2
   210 | D:1      | You pick up a book of Displacement and begin reading...
   210 | D:1      | You add the spells Lesser Beckoning, Gell's Gravitas and
                  | Teleport Other to your library.
   287 | D:1      | Reached XP level 3. HP: 30/30 MP: 3/3
   417 | D:1      | Reached skill level 4 in Fighting
   526 | D:2      | Found a hide-covered altar of Uskayaw.
   639 | D:2      | Reached skill level 3 in Long Blades
   642 | D:2      | Reached XP level 4. HP: 23/37 MP: 4/4
   805 | D:2      | You pick up a book of Air and begin reading...
   805 | D:2      | You add the spells Shock and Airstrike to your library.
  1337 | D:3      | HP: 8/38 [white imp/puff of frost (5)]
  1508 | D:3      | Reached XP level 5. HP: 42/43 MP: 5/5
  1667 | D:3      | You fall into a shaft and drop 2 floors!
  1667 | D:5      | Entered Level 5 of the Dungeon
  1705 | D:4      | HP: 10/43 [hobgoblin (3)]
  1728 | D:4      | HP: 9/43 [adder (2)]
  1730 | D:4      | Reached skill level 5 in Fighting
  1730 | D:4      | Reached skill level 4 in Long Blades
  1733 | D:4      | HP: 4/44 [poisoned by an adder]
  1911 | D:4      | Noticed a phantom
  1924 | D:4      | Killed a phantom
  1925 | D:4      | Reached XP level 6. HP: 50/51 MP: 6/6
  1933 | D:4      | You pick up a book of Fire and begin reading...
  1933 | D:4      | You add the spells Foxfire, Fireball and Starburst to your
                  | library.
  1989 | D:4      | Found a glowing drain.
  2024 | Sewer    | Entered a sewer
  2096 | Sewer    | Noticed a water moccasin
  2107 | Sewer    | HP: 12/51 [poisoned by a water moccasin]
  2109 | Sewer    | HP: 4/51 [water moccasin (2)]
  2118 | Sewer    | HP: 12/51 [poisoned by a water moccasin]
  2119 | Sewer    | Killed a water moccasin
  2120 | Sewer    | Reached skill level 6 in Fighting
  2120 | Sewer    | Reached skill level 5 in Long Blades
  2120 | Sewer    | HP: 4/52 [poisoned by a water moccasin]
  2121 | Sewer    | HP: 1/52 [poisoned by a water moccasin]
  2122 | Sewer    | Succumbed to a water moccasin's poison

Vanquished Creatures
  A water moccasin (Sewer)
  A phantom (D:4)
  An orc wizard (D:4)
  4 gnolls
  5 adders
  A white imp (D:3)
  A worm (D:2)
  2 dart slugs (D:3)
  3 orcs (D:4)
  3 ball pythons
  9 bats
  2 endoplasms (D:3)
  5 giant cockroaches
  3 goblins
  A hobgoblin (D:4)
  A jackal (Sewer)
  A frilled lizard (D:1)
  6 kobolds
  4 rats
54 creatures vanquished.

Table legend:
 A = Non-vault XP
 B = Vault XP
 C = Vault XP percentage of total XP
 D = Non-vault monster count
 E = Vault monster count
 F = Vault count percentage of total count
                 A         B        C        D         E       F
            +---------+---------+-------+---------+---------+-------
      Total |     314 |     185 |  37.1 |      48 |       6 |  11.1
            +---------+---------+-------+---------+---------+-------
        D:1 |      42 |       0 |   0.0 |      18 |       0 |   0.0
        D:2 |      57 |       0 |   0.0 |      10 |       0 |   0.0
        D:3 |      51 |       0 |   0.0 |      10 |       0 |   0.0
        D:4 |     164 |      30 |  15.5 |      10 |       4 |  28.6
      Sewer |       0 |     155 | 100.0 |       0 |       2 | 100.0
            +---------+---------+-------+---------+---------+-------

Illustrated notes

Table legend:
 A = Kills in this place as a percentage of kills in entire the game.
 B = Kills by you in this place as a percentage of kills by you in the entire game.
 C = Kills by friends in this place as a percentage of kills by friends in the entire game.
 D = Other kills in this place as a percentage of other kills in the entire game.
 E = Experience gained in this place as a percentage of experience gained in the entire game.
 F = Experience gained in this place divided by the number of levels of this place that you have seen.
                   A       B       C       D       E      F
               +-------+-------+-------+-------+-------+----------------------
         Total | 100.0 | 100.0 |   N/A |   N/A | 100.0 |  83.2
       Dungeon |  96.3 |  96.3 |   N/A |   N/A |  68.9 |  68.8
         Sewer |   3.7 |   3.7 |   N/A |   N/A |  31.1 | 155.0
               +-------+-------+-------+-------+-------+----------------------

Table legend: (Time is in decaauts)
 A = Elapsed time spent in this place.
 B = Non-inter-level travel time spent in this place.
 C = Inter-level travel time spent in this place.
 D = Time resting spent in this place.
 E = Time spent auto-exploring this place.
 F = Levels seen in this place.
 G = Mean time per level.
                   A        B        C        D        E       F      G
               +--------+--------+--------+--------+--------+-----+--------+
         Total |   2173 |   2143 |     30 |      7 |   1630 |   6 |  362.2 |
       Dungeon |   2067 |   2037 |     30 |      7 |   1562 |   5 |  413.4 |
         Sewer |    105 |    105 |      0 |      0 |     68 |   1 |  105.0 |
               +--------+--------+--------+--------+--------+-----+--------+

Top non-repeatable levels by time:
     D:2: 752 daAuts
     D:1: 541 daAuts
     D:3: 400 daAuts
     D:4: 371 daAuts
   Sewer: 105 daAuts
     D:5: 2 daAuts
